 Dungeon Crawl Stone Soup version 0.28-a0-657-g71136c5590 (webtiles) character file.

Game seed: 12020885456701521198

1 siradein the Caller (level 1, 0/13 HPs)
             Began as a Demonspawn Summoner on Oct 13, 2021.
             Slain by a kobold (3 damage)
             ... on level 1 of the Dungeon.
             The game lasted 00:00:16 (263 turns).

siradein the Caller (Demonspawn Summoner)            Turns: 263, Time: 00:00:16

Health: 0/13       AC:  2    Str:  8    XL:     1   Next: 16%
Magic:  2/3        EV: 12    Int: 16    God:
Gold:   0          SH:  0    Dex: 13    Spells: 3/4 levels left

rFire   . . .      SeeInvis .   (no weapon)
rCold   . . .      Faith    .   (no shield)
rNeg    . . .      Spirit   .   a - +0 robe
rPois   .          Reflect  .   (no helmet)
rElec   .          Harm     .   (no cloak)
rCorr   .          Rampage  .   (no gloves)
Will    .....                   (no boots)
Stlth   ++........              (no amulet)
HPRegen 0.04/turn               (no ring)
MPRegen 0.08/turn               (no ring)

@: no status effects
A: no striking features
a: no special abilities


You were on level 1 of the Dungeon.
You visited 1 branch of the dungeon, and saw 1 of its levels.

Inventory:

Armour
 a - a +0 robe (worn)


   Skills:
 - Level 1.7 Dodging
 - Level 1.7 Stealth
 + Level 2.0 Spellcasting
 + Level 4.0 Summonings


You had 3 spell levels left.
You knew the following spells:

 Your Spells              Type           Power      Damage    Failure   Level
a - Summon Small Mammal   Summ           56%        N/A       4%          1

Your spell library contained the following spells:

 Spells                   Type           Power      Damage    Failure   Level
 Call Imp                 Summ           14%        N/A       6%          2
 Call Canine Familiar     Summ           14%        N/A       12%         3
 Summon Guardian Golem    Hex/Summ       8%         N/A       26%         3
 Summon Lightning Spire   Summ/Air       8%         N/A       65%         4


Dungeon Overview and Level Annotations

Branches:
Dungeon (1/15)

Altars:


Message History

The endoplasm is heavily wounded.
Your bat hits the endoplasm. x2; The endoplasm barely misses your bat.
You hit the endoplasm.
You kill the endoplasm!
Magic restored.
Your bat disappears in a puff of smoke!
Key pressed, stopping explore.
HP restored.
A goblin comes into view. It is wielding a +0 club.
A goblin is nearby!
A goblin is nearby!
A goblin is nearby!
A goblin is nearby!
You see here a scroll labelled AROLIFRELOATZ.
A kobold comes into view. It is wielding a +0 short sword.
Found a stone staircase leading down.
Found a bubbling dark potion.
The helpless goblin fails to defend itself.
You hit the goblin.
The goblin is moderately wounded.
The kobold shouts!
The goblin barely misses you.
You barely miss the goblin.
The goblin is moderately wounded.
The goblin closely misses you.
You closely miss the goblin.
The goblin is moderately wounded.
The goblin hits you with a +0 club.
You hit the goblin.
The goblin is heavily wounded.
The goblin misses you.
You hit the goblin but do no damage.
The goblin is heavily wounded.
The kobold hits you with a +0 short sword.
The goblin hits you with a +0 club.
* * * LOW HITPOINT WARNING * * *
Casting: Summon Small Mammal (safe; 4% risk of failure)
Press: ? - help, Q - select action Dir - look around, f - activate The kobold hits you with a +0 short sword.
You die...

.## . ..#####..
##....>...
#......... .........
#........ #g# #K#
#@# #### ##?##...
##r..#.# ####......#
..........#
#.##......#
##+###...#.####
........##.....
#######.#+##........


You could see a goblin, a kobold (ally target) and a friendly rat (summoned).

Vanquished Creatures
  An endoplasm (D:1)
1 creature vanquished.

Notes
Turn   | Place    | Note
-------+----------+-------------------------------------------
     0 | D:1      | siradein the Demonspawn Summoner began the quest for the
                  | Orb.
     0 | D:1      | Reached XP level 1. HP: 13/13 MP: 3/3
    16 | D:1      | Found a faded altar of an unknown god.
   263 | D:1      | Slain by a kobold

Illustrated notes

Levels and vault maps discovered:
D:1:      shiori_arrival_maze, layout_loops_ring, ebering_ecumenical_altar_box

Action                   || total
-------------------------++-------
Melee: Unarmed           ||    10
 Cast: Summon Small Mamm ||     2
 Stab: Sleeping          ||     2
Dodge: Dodged            ||     4

Table legend: (Time is in decaauts)
 A = Elapsed time spent in this place.
 B = Non-inter-level travel time spent in this place.
 C = Inter-level travel time spent in this place.
 D = Time resting spent in this place.
 E = Time spent auto-exploring this place.
 F = Levels seen in this place.
 G = Mean time per level.
                   A        B        C        D        E       F      G
               +--------+--------+--------+--------+--------+-----+--------+
         Total |    263 |    263 |      0 |      0 |    232 |   1 |  263.0 |
       Dungeon |    263 |    263 |      0 |      0 |    232 |   1 |  263.0 |
               +--------+--------+--------+--------+--------+-----+--------+

Top non-repeatable levels by time:
     D:1: 263 daAuts
